 Dungeon Crawl Stone Soup version 0.23-a0-33-g1e3a2e4e2f (webtiles) character file.

810 Gerstahl the Skirmisher (level 7, -8/88 HPs)
             Began as a Demonspawn Monk on Aug 5, 2018.
             Was a Priest of Dithmenos.
             Killed from afar by an orc warrior (25 damage)
             ... with an exploding inner flame
             ... hexed by the player character
             ... on level 7 of the Dungeon.
             The game lasted 00:07:48 (5972 turns).

Gerstahl the Skirmisher (Demonspawn Monk)           Turns: 5972, Time: 00:07:49

Health: -8/88      AC: 23    Str: 11    XL:     7   Next: 61%
Magic:  7/7        EV:  2    Int: 16    God:    Dithmenos [***...]
Gold:   269        SH:  0    Dex: 18    Spells: 6/6 levels left

rFire    . . .     SeeInvis .   a - +0 falchion
rCold    . . .     Gourm    .   (no shield)
rNeg     + + +     Faith    .   (armour currently unavailable)
rPois    +         Spirit   .   (helmet currently unavailable)
rElec    .         Reflect  .   (cloak currently unavailable)
rCorr    .         Harm     .   (gloves currently unavailable)
MR       .....     NoTele   +   (boots currently unavailable)
Stlth    +++.......             (no amulet)
HPRegen  0.24/turn              (no ring)
MPRegen  0.10/turn              (no ring)

@: brilliant, tree-form, wreathed by umbra
A: demonic guardian 1, wild magic 1
a: Shadow Step, Renounce Religion


You were on level 7 of the Dungeon.
You worshipped Dithmenos.
Dithmenos was most pleased with you.
You were very hungry.
You were a tree.
You visited 2 branches of the dungeon, and saw 8 of its levels.
You also visited: Sewer.

You collected 269 gold pieces.

Inventory:

Hand Weapons
 a - a +0 falchion (weapon)
Armour
 b - a +0 robe
 l - a +1 ring mail (melded)
Jewellery
 g - an uncursed ring of poison resistance {unknown}
 p - an uncursed ring of poison resistance {unknown}
 q - an uncursed ring of positive energy {unknown}
 r - an uncursed ring of protection from cold {unknown}
 u - an uncursed ring of stealth {unknown}
 v - an uncursed ring of magical power {unknown}
 w - a cursed amulet of inaccuracy {unknown}
Wands
 o - a wand of flame (14)
 y - a wand of digging (21)
Scrolls
 d - 3 scrolls of teleportation
 e - a scroll of magic mapping
 h - 4 scrolls of enchant armour
 i - 4 scrolls of remove curse
 k - 2 scrolls of immolation
 m - 2 scrolls of fear {unknown}
 n - 5 scrolls of identify {unknown}
 s - 4 scrolls of amnesia {unknown}
 x - a scroll of summoning {unknown}
 B - a scroll of silence {unknown}
Potions
 f - 3 potions of flight
 j - a potion of lignification
 A - a potion of brilliance
Comestibles
 c - 8 rations


   Skills:
 + Level 6.7 Fighting
 + Level 6.1 Long Blades
 - Level 2.6 Dodging
 - Level 1.7 Stealth
 + Level 1.1 Evocations


You had 6 spell levels left.
You didn't know any spells.
Your spell library contained the following spells:

 Spells                   Type           Power        Failure   Level  Hunger
 Confuse                  Hex            ##......     11%         3    ####...
 Confusing Touch          Hex            ##....       4%          1    ##.....
 Metabolic Englaciation   Hex/Ice        ##........   56%         5    ######.
 Petrify                  Tmut/Erth      ##......     28%         4    #####..
 Gell's Gravitas          Tloc           ##........   11%         3    ####...
 Yara's Violent Unravell  Hex/Tmut       ##........   56%         5    ######.


Dungeon Overview and Level Annotations

Branches:
Dungeon (7/15)             Temple (1/1) D:4

Altars:
Ashenzari
Cheibriados
Dithmenos
Elyvilon
Fedhas
Gozag
Hepliaklqana
Kikubaaqudgha
Makhleb
Nemelex Xobeh
Okawaru
Qazlal
Ru
Sif Muna
Trog
Uskayaw
Vehumet
Wu Jian
Yredelemnul
Zin
The Shining One

Annotations:
D:5 3 runed doors, trasnemi's ghost, novice MiFi


Innate Abilities, Weirdness & Mutations

((You have sharp fingernails.))
A weak demonic guardian rushes to your aid.
((You are resistant to electric shocks. (rElec)))
Your spells are a little harder to cast, but a little more powerful.


Message History

You now sometimes bleed smoke when heavily injured by enemies.
Your Evocations skill increases to level 1!
Your demonic guardian avoids your attack.
Dithmenos accepts your kill. x3
The orc warrior is engulfed in blazing flames.
The orc warrior hits you with a hand axe.
* * * LOW HITPOINT WARNING * * *
The orc warrior hits your shadow imp with a hand axe!
Your shadow imp dies!
You hear a loud, deep croak!
You hear a shout! x2
You hit the orc warrior.
The orc warrior is almost dead.
You are engulfed in blazing flames.
* * * LOW HITPOINT WARNING * * *
A bullfrog comes into view.
The orc warrior is engulfed in blazing flames.
The orc warrior explodes!
Your demonic guardian avoids your attack.
The fiery explosion engulfs you!
You die...

..F........# #..........#
#..........# #....%.....###
#.....$.%.?.. .# #.....§§§§%#
#### .. ......§§5§§# #... #.
#.)...§♣§§§## #.## ## ..
#########§§§# ###.# ... .# #.§.#
#...# ... .## #...# #...# #.#
##.# #..(# #...# #.###..### #...#
####.### #####.#...).# #5..#
#.......
...##(.##.#.######...#####.##.##.
...##.#...#.................#.##.


You could see a bullfrog and a friendly ufetubus.

Vanquished Creatures
  An ogre (D:3)
  A bullfrog (D:6)
  A crimson imp (D:5)
  A bullfrog zombie (D:5)
  An orc priest (D:7)
  2 orc wizards (D:6)
  A hound (D:6)
  2 worker ants
  A hound skeleton (D:6)
  A howler monkey skeleton (D:4)
  10 adders
  3 gnolls (D:7)
  2 shadow imps
  An adder zombie (D:6)
  5 worms
  An adder skeleton (D:5)
  3 dart slugs (D:2)
  4 leopard geckos
  12 orcs
  A ball python (D:1)
  7 giant cockroaches
  10 goblins
  7 hobgoblins
  5 jackals
  8 kobolds
  A quokka (D:5)
  7 bats
  3 frilled lizards
  2 jackal skeletons
  9 rats
113 creatures vanquished.

Vanquished Creatures (collateral kills)
  Purgy (Sewer)
  A jelly (D:5)
  A crimson imp (D:5)
  A hound (D:6)
  A worker ant (D:6)
  A worker ant zombie (D:5)
  4 orcs
10 creatures vanquished.

Grand Total: 123 creatures vanquished

Notes
Turn   | Place    | Note
-------+----------+-------------------------------------------
     0 | D:1      | Gerstahl the Demonspawn Monk began the quest for the Orb.
     0 | D:1      | Reached XP level 1. HP: 18/18 MP: 1/1
   116 | D:1      | Gained mutation: A weak demonic guardian rushes to your aid. [demonic ancestry]
   116 | D:1      | Reached XP level 2. HP: 21/24 MP: 2/2
   469 | D:1      | Gained mutation: You have sharp fingernails. [demonic ancestry]
   469 | D:1      | Reached XP level 3. HP: 28/29 MP: 3/3
  1025 | D:2      | Reached XP level 4. HP: 22/37 MP: 4/4
  2176 | D:3      | Noticed an ogre
  2187 | D:3      | Killed an ogre
  2187 | D:3      | Reached XP level 5. HP: 38/43 MP: 5/5
  2354 | D:3      | Reached skill level 5 in Fighting
  3010 | D:4      | Found a staircase to the Ecumenical Temple.
  3036 | Temple   | Entered the Ecumenical Temple
  3301 | Temple   | Became a worshipper of Dithmenos the Shadowed
  3301 | Temple   | Reached * piety under Dithmenos
  3301 | Temple   | Reached ** piety under Dithmenos
  3403 | D:4      | Reached XP level 6. HP: 51/51 MP: 6/6
  3680 | D:5      | Entered Level 5 of the Dungeon
  4053 | D:5      | Found a runed gate.
  4053 | D:5      | Found a runed gate.
  4053 | D:5      | Found a runed gate.
  4054 | D:5      | Noticed trasnemi's ghost (novice MiFi)
  4172 | D:5      | Reached skill level 5 in Long Blades
  4755 | D:6      | Reached XP level 7. HP: 35/58 MP: 7/7
  4959 | D:6      | Found a glowing drain.
  5011 | Sewer    | Entered a sewer
  5133 | Sewer    | Noticed Purgy
  5150 | Sewer    | Killed Purgy
  5882 | D:7      | Found an opulent altar of Gozag.
  5962 | D:7      | Gained mutation: You are resistant to electric shocks. (rElec) [potion of mutation]
  5962 | D:7      | Gained mutation: Your spells are a little harder to cast, but a little more powerful. [potion of mutation]
  5971 | D:7      | Reached *** piety under Dithmenos
  5971 | D:7      | Reached skill level 1 in Evocations
  5972 | D:7      | Killed from afar by an orc warrior

Vault maps used:
D:1:      lightli_arrival_chessboard
D:3:      first_ration, serial_bayou_lagoon_b
D:4:      minmay_temple_entry_glass
D:5:      ebering_ghost_rock_garden
D:6:      cheibrodos_sewer_entry_bend, kennysheep_generic_room_14
D:7:      basic_altar, uniq_duvessa
Temple:   regret_index_temple_sigil_plot
Sewer:    sewer_the_crocodile

Skill      XL: |  1  2  3  4  5  6  7 |
---------------+----------------------+-----
Long Blades    | 3 4 5 6 |  6.1
Fighting       | 4 5 6 |  6.7
Evocations     | 1 |  1.1
Dodging        | |  2.6
Stealth        | |  1.7

Action                   |  1- 3 |  4- 6 |  7- 9 || total
-------------------------+-------+-------+-------++-------
Melee: Falchion          |    89 |   282 |   118 ||   489
Evoke: Wand              |       |       |     3 ||     3
  Use: Potion            |       |     2 |     6 ||     8
       Scroll            |       |     2 |     3 ||     5
 Stab: Sleeping          |     3 |     2 |     1 ||     6
       Distracted        |       |     1 |       ||     1
  Eat: Chunk             |       |     7 |     2 ||     9
       Ration            |       |     2 |       ||     2
Armor: Robe              |    12 |       |       ||    12
       Ring mail         |    14 |    87 |    36 ||   137
       Skin              |       |       |    16 ||    16
Dodge: Dodged            |    73 |   169 |    79 ||   321
       Rpst.: Falchion   |    30 |    49 |    20 ||    99

Table legend:
 A = Spawn XP
 B = Non-spawn XP
 C = Spawn XP percentage of total XP
 D = Spawn monster count
 E = Non-spawn monster count
 F = Spawn count percentage of total count
 G = Total turns spent on level
                    A         B        C        D         E        F      G
               +---------+---------+-------+---------+---------+-------+---------
         Total |       0 |    1158 |   0.0 |       0 |     123 |   0.0 |  5972
               +---------+---------+-------+---------+---------+-------+---------
           D:1 |       0 |      49 |   0.0 |       0 |      26 |   0.0 |   743
           D:2 |       0 |     100 |   0.0 |       0 |      26 |   0.0 |  1146
           D:3 |       0 |     163 |   0.0 |       0 |      15 |   0.0 |   764
           D:4 |       0 |      75 |   0.0 |       0 |       5 |   0.0 |   751
           D:5 |       0 |     249 |   0.0 |       0 |      13 |   0.0 |  1033
           D:6 |       0 |     312 |   0.0 |       0 |      24 |   0.0 |   886
           D:7 |       0 |     105 |   0.0 |       0 |       8 |   0.0 |   188
         Sewer |       0 |     105 |   0.0 |       0 |       6 |   0.0 |   185
               +---------+---------+-------+---------+---------+-------+---------
